 Dungeon Crawl Stone Soup version 0.31-a0-1301-g7e11add784 (webtiles) character file.

Game seed: 9354206748515849222

36478 ProfCupcake the Marksspriggan (level 13, -5/63 HPs)
             Began as a Spriggan Hunter on Dec 18, 2023.
             Was a High Priest of Hepliaklqana.
             Slain by an entropy weaver (12 damage)
             ... on level 2 of the Spider Nest on Dec 19, 2023.
             The game lasted 01:53:58 (12484 turns).

ProfCupcake the Marksspriggan (Spriggan Hunter)    Turns: 12484, Time: 01:53:59

Health: -5/63      AC:  9    Str: 11    XL:     13   Next: 53%
Magic:  14/14      EV: 27    Int: 19    God:    Hepliaklqana [*****.]
Gold:   1077       SH:  0    Dex: 30    Spells: 12/12 levels left

rFire   + + .        x - +4 arbalest (freeze)
rCold   x . .        (shield currently unavailable)
rNeg    . . .        b - +4 robe of Augmentation {Str+4 Int+4 Dex+4}
rPois   +            (helmet restricted)
rElec   .            Q - +2 cloak {rF+}
rCorr   .            (gloves unavailable)
SInv    +            (boots unavailable)
Will    ++...        H - amulet of the acrobat
Stlth   ++++         P - ring of poison resistance
HPRegen 0.30/turn    B - ring "Dearchelal" {Fire Int+4 Dex+3 Slay+2}
MPRegen 0.14/turn

%: acrobat
@: lethally poisoned (-5 -> -51), very quick
A: reduced essence, very small, no large weapons, unfitting armour, see
invisible, speed 3
a: Renounce Religion, Recall Ancestor, Ancestor Identity, Transference, Idealise


You were on level 2 of the Spider Nest.
You worshipped Hepliaklqana.
Hepliaklqana was extremely pleased with you.
You visited 4 branches of the dungeon, and saw 15 of its levels.
You also visited: Ossuary and Volcano.

You collected 1077 gold pieces.

Inventory:

Hand Weapons
 a - a +0 shortbow of freezing
 x - a +4 arbalest of freezing (weapon)
 I - a +0 orcbow of draining
Missiles
 e - 19 poisoned darts
 n - a throwing net (quivered)
Armour
 b - the +4 robe of Augmentation (worn) {Str+4 Int+4 Dex+4}
   (You found it on level 7 of the Dungeon)

   Str+4:     It affects your strength (+4).
   Int+4:     It affects your intelligence (+4).
   Dex+4:     It affects your dexterity (+4).
 Q - a +2 cloak of fire resistance (worn)
Jewellery
 o - a ring of willpower
 B - the ring "Dearchelal" (right hand) {Fire Int+4 Dex+3 Slay+2}
   (You acquired it on level 7 of the Dungeon)

   [ring of fire]

   Fire:      It enhances your fire magic.
   Int+4:     It affects your intelligence (+4).
   Dex+3:     It affects your dexterity (+3).
   Slay+2:    It affects your accuracy & damage with ranged weapons and melee
   (+2).
   rF+:       It protects you from fire.
   rC-:       It makes you vulnerable to cold.
 H - an amulet of the acrobat (around neck)
 P - a ring of poison resistance (left hand)
Wands
 d - a wand of acid (10)
 m - a wand of roots (16)
 t - a wand of digging (6)
 u - a wand of polymorph (8)
 F - a wand of flame (21)
Scrolls
 c - 2 scrolls of butterflies
 h - a scroll of brand weapon
 k - 4 scrolls of teleportation
 p - 5 scrolls of amnesia
 r - 3 scrolls of fear
 y - 3 scrolls of poison
 C - a scroll of revelation
 D - a scroll of immolation
 J - a scroll of vulnerability
 L - a scroll of torment
 O - a scroll of identify
Potions
 f - 3 potions of enlightenment
 g - 6 potions of attraction
 i - a potion of resistance
 l - 8 potions of curing
 q - 6 potions of might
 s - a potion of berserk rage {unknown}
 v - a potion of magic {unknown}
 w - 3 potions of cancellation
 z - 2 potions of heal wounds
 A - 3 potions of invisibility
 E - a potion of degeneration {unknown}
 K - a potion of brilliance
 M - a potion of mutation {unknown}
 N - a potion of ambrosia {unknown}


   Skills:
 + Level 8.8 Fighting
 + Level 19.9 Ranged Weapons
 + Level 8.0 Dodging
 + Level 6.2 Stealth
 + Level 1.1 Evocations


You had 12 spell levels left.
You didn't know any spells.
Your spell library contained the following spells:

 Spells                   Type           Power      Damage    Failure   Level
 Kiss of Death            Conj/Necr      0%         2d5       21%         1
 Static Discharge         Conj/Air       0%         3-3/arc   30%         2
 Confusing Touch          Hex            0%         N/A       52%         3
 Airstrike                Air            0%         2d(0-16)  90%         4
 Dispel Undead            Necr           0%         3d6       90%         4
 Summon Lightning Spire   Summ/Air       0%         N/A       90%         4


Dungeon Overview and Level Annotations

Branches:
Dungeon (10/15)            Temple (1/1) D:7            Lair (2/5) D:10
  Swamp (0/4) Lair:2       Spider (2/4) Lair:2      Ossuary (visited)
Volcano (visited)
    Orc: D:9-12

Altars:
Ashenzari
Cheibriados
Dithmenos
Elyvilon
Fedhas
Gozag
Hepliaklqana
Kikubaaqudgha
Makhleb
Nemelex Xobeh
Okawaru
Qazlal
Ru
Sif Muna
Trog
Uskayaw
Vehumet
Wu Jian
Xom
Yredelemnul
Zin
The Shining One

Shops:
D:9 [   D:10 [

Annotations:
Spider:2 Kirke


Innate Abilities, Weirdness & Mutations

Your life essence is reduced to manifest your ancestor. (-10% HP)
You are very small and have problems with some larger weapons.
You are too small for most types of armour.
You have supernaturally acute eyesight. (SInv)
You cover ground extremely quickly. (Speed+++)


Message History

Arachne's staff shoots out a stream of webbing.
The stream of webbing hits you but does no damage.
You are even more entangled.
The web tears apart.
Arachne completely misses you.
You shoot a bolt. The bolt hits Arachne!!
The bolt freezes Arachne!
You kill Arachne!
Your Dodging skill increases to level 8!
You see here a staff of poison.
You start resting.
Appia emerges from the mists of memory!
Welcome back, ProfCupcake the Spriggan Hunter.
Hepliaklqana says: Your past becomes your present!
Press ? for a list of commands and other information.
You see here a staff of poison.
There is a stone staircase leading down here.
You climb downwards.
Level annotation: Kirke The wolf spider completely misses you.
The wolf spider closely misses you.
The jumping spider leaps!
The jumping spider barely misses you. x2
The redback misses you. The wolf spider closely misses you.
The wolf spider bites you! The entropy weaver hits you!
The entropy weaver closely misses you.
The entropy weaver completely misses you.
The entropy weaver barely misses you. The wolf spider misses you.
The wolf spider barely misses you. The wolf spider misses you.
The wolf spider bites you but does no damage.
The redback misses you. The entropy weaver hits you!
The entropy weaver closely misses you. The entropy weaver hits you.
The entropy weaver closely misses you.
The pharaoh ant gives a chilling moan.
There is a stone staircase leading up, spattered with blood here.
The wolf spider hits you!
* * * LOW HITPOINT WARNING * * *
The wolf spider closely misses you. The wolf spider completely misses you.
The wolf spider closely misses you. The redback bites you!
* * * LOW HITPOINT WARNING * * *
You are lethally poisoned!
The redback poisons you! The hog bites you but does no damage.
The entropy weaver misses you. x2; The entropy weaver hits you!
You die...

.............#
##...<.B.^.#..
#....s#...#..#
##..##^ ..#...
##..#.^. ...?(
#.....##...s..
##....B#.@...#
#...shsBh....#
##...s@.......
###.ss..#...#
........... .
........#.#....
.##.#...#.# .#.
.....#.^#. ..
....#.... .. #
........! ..#


You could see Kirke, an entropy weaver, 2 wolf spiders, a culicivora, a pharaoh
ant, 2 hogs, a jumping spider and 2 redbacks.

Vanquished Creatures
  Arachne (Spider:1)
  A red draconian (Volcano)
  Harold (D:9)
  3 two-headed ogres (Volcano)
  3 demonic crawlers (Spider:1)
  Nergalle (D:10)
  4 orb spiders (Spider:1)
  3 steelbarb worms (Spider:1)
  Pikel (D:4)
  3 wolf spiders (Spider:1)
  2 moths of wrath (Spider:1)
  Maggie (Lair:1)
  An elephant (D:10)
  2 molten gargoyles (Volcano)
  4 cane toads
  An unseen horror (D:10)
  A rime drake (Lair:1)
  3 komodo dragons (Lair:2)
  A troll (D:7)
  5 tarantellas (Spider:1)
  A hornet (D:8)
  9 blink frogs
  9 jumping spiders (Spider:1)
  3 shadows
  3 wyverns
  A basilisk (D:10)
  5 culicivoras (Spider:1)
  A wraith (D:10)
  Eustachio (D:4)
  2 fire bats (Volcano)
  17 yaks
  A steam dragon (D:8)
  6 redbacks (Spider:1)
  Menkaure (D:5)
  Duvessa (D:5)
  5 water moccasins
  3 black bears
  A swamp drake (Lair:2)
  An ice beast (D:6)
  2 orc warriors
  10 wolves
  An ogre (D:6)
  A centaur (D:7)
  A lemure (D:4)
  A kobold brigand (D:10)
  5 bullfrogs
  6 scorpions
  14 wights
  11 killer bees
  4 howler monkeys
  A centaur zombie (Ossuary)
  7 lava snakes (Volcano)
  A hound (D:5)
  Crazy Yiuf (D:6)
  2 gnoll boudas
  4 orc priests
  6 iguanas
  3 jellies
  A sleepcap (D:6)
  3 orc wizards
  6 hell rats (Lair:2)
  A mummy (Ossuary)
  6 gnolls
  6 adders
  6 ufetubi (D:6)
  2 adder zombies (Ossuary)
  2 worms (Lair:2)
  2 dart slugs
  18 orcs
  11 ball pythons
  5 bats
  9 endoplasms
  5 giant cockroaches
  6 goblins
  5 hobgoblins
  7 jackals
  4 quokkas
  A frilled lizard (D:1)
  A goblin zombie (Ossuary)
  2 hobgoblin zombies (Ossuary)
  A jackal zombie (Ossuary)
  11 kobolds
  5 kobold zombies (Ossuary)
  11 orc zombies (Ossuary)
  7 rats
  A rat zombie (Ossuary)
339 creatures vanquished.

Vanquished Creatures (collateral kills)
  An ogre mage (Volcano)
  A two-headed ogre (Volcano)
  A steelbarb worm (Spider:1)
  A wolf spider (Spider:1)
  A black mamba (Lair:1)
  A komodo dragon (Lair:1)
  A culicivora (Spider:1)
  3 yaks
  Grum (Lair:1)
  A redback (Spider:1)
  A black bear (D:7)
  3 orc warriors
  An ice beast (D:5)
  2 centaurs
  An elf zombie (Ossuary)
  2 scorpions
  2 wights (D:9)
  Dowan (D:5)
  3 killer bees
  An electric eel (Lair:1)
  A hound (D:7)
  An iguana (Lair:2)
  A mummy (Ossuary)
  2 gnolls (D:7)
  3 orcs
  A kobold (D:10)
  4 hobgoblin zombies (Ossuary)
  3 kobold zombies (Ossuary)
  3 orc zombies (Ossuary)
  A rat zombie (Ossuary)
49 creatures vanquished.

Vanquished Creatures (others)
  4 knights
  2 ancestors (D:6)
6 creatures vanquished.

Grand Total: 394 creatures vanquished

Notes
Turn   | Place    | Note
-------+----------+-------------------------------------------
     0 | D:1      | ProfCupcake the Spriggan Hunter began the quest for the
                  | Orb.
     0 | D:1      | Reached XP level 1. HP: 10/10 MP: 2/2
   223 | D:1      | Reached XP level 2. HP: 15/15 MP: 3/3
   818 | D:2      | Found an ornate altar of the Wu Jian Council.
   883 | D:2      | Reached XP level 3. HP: 18/18 MP: 4/4
   892 | D:2      | Reached skill level 5 in Ranged Weapons
  1698 | D:3      | Reached XP level 4. HP: 23/23 MP: 5/5
  1722 | D:3      | Found a basalt altar of Yredelemnul.
  1792 | D:3      | Found a blossoming altar of Fedhas.
  1857 | D:3      | Found a faded altar of an unknown god.
  1861 | D:3      | Found a hazy altar of Hepliaklqana.
  2348 | D:3      | Became a worshipper of Hepliaklqana the Forgotten
  2407 | D:4      | Noticed a lemure
  2408 | D:4      | Noticed a lemure
  2408 | D:4      | Noticed a lemure
  2409 | D:4      | Noticed a lemure
  2409 | D:4      | Noticed Pikel
  2576 | D:4      | Killed a lemure
  2632 | D:4      | Killed Pikel
  2633 | D:4      | Reached skill level 8 in Ranged Weapons
  2633 | D:4      | Reached XP level 5. HP: 17/27 MP: 6/6
  2633 | D:4      | Reached XP level 6. HP: 20/32 MP: 7/7
  2633 | D:4      | Reached XP level 7. HP: 22/35 MP: 8/8
  2715 | D:4      | Noticed Eustachio
  2866 | D:4      | Killed Eustachio
  3185 | D:5      | Entered Level 5 of the Dungeon
  3283 | D:5      | Reached skill level 9 in Ranged Weapons
  3311 | D:5      | Noticed Menkaure
  3315 | D:5      | Killed Menkaure
  3331 | D:5      | Reached * piety under Hepliaklqana
  3337 | D:5      | Reached XP level 8. HP: 36/36 MP: 9/9
  3480 | D:5      | Noticed Duvessa
  3480 | D:5      | Noticed Dowan
  3505 | D:5      | Killed Duvessa
  3510 | D:5      | Killed Dowan
  3595 | D:5      | Found a shimmering altar of Xom.
  3606 | D:5      | Reached skill level 10 in Ranged Weapons
  4108 | D:6      | Reached skill level 11 in Ranged Weapons
  4322 | D:6      | Found a runed translucent door.
  4323 | D:6      | Noticed Crazy Yiuf
  4331 | D:6      | Killed Crazy Yiuf
  4403 | D:6      | Reached ** piety under Hepliaklqana
  4406 | D:6      | Remembered your ancestor Appia as a knight
  4440 | D:6      | Reached XP level 9. HP: 40/40 MP: 10/10
  4784 | D:6      | Found a sand-covered staircase.
  4791 | Ossuary  | Entered an ossuary
  4928 | Ossuary  | Reached skill level 12 in Ranged Weapons
  5204 | D:6      | Found a shadowy altar of Dithmenos.
  5211 | D:6      | Found a white marble altar of Elyvilon.
  5370 | D:7      | Found the +4 robe of Augmentation {Str+4 Int+4 Dex+4}
  5424 | D:7      | Found a staircase to the Ecumenical Temple.
  5464 | Temple   | Entered the Ecumenical Temple
  5664 | D:7      | Noticed a troll
  5707 | D:7      | Killed a troll
  5721 | D:7      | Reached skill level 13 in Ranged Weapons
  5914 | D:7      | Identified 2 scrolls of acquirement
  5914 | D:7      | Acquired the ring "Dearchelal" {Fire Int+4 Dex+3 Slay+2}
  6075 | D:8      | Reached *** piety under Hepliaklqana
  6272 | D:8      | Found a transporter.
  6274 | D:8      | Found a transporter.
  6280 | D:8      | Found a transporter.
  6280 | D:8      | Found a transporter.
  6282 | D:8      | Found a transporter.
  6282 | D:8      | Found a transporter.
  6359 | D:8      | Reached XP level 10. HP: 45/45 MP: 11/11
  6805 | D:9      | Reached skill level 14 in Ranged Weapons
  6966 | D:9      | Reached skill level 5 in Fighting
  6966 | D:9      | Noticed Harold
  6976 | D:9      | Killed Harold
  6977 | D:9      | Reached skill level 15 in Ranged Weapons
  6983 | D:9      | Found a snail-covered altar of Cheibriados.
  6986 | D:9      | Found Cheibriados's Comfort Zone.
  7095 | D:9      | Acquired a +4 arbalest of freezing
  7278 | D:9      | Found a sacrificial altar of Ru.
  7337 | D:10     | Entered Level 10 of the Dungeon
  7371 | D:10     | Found Ikiptiuh's Antique Armour Shoppe.
  7384 | D:10     | Reached **** piety under Hepliaklqana
  7404 | D:10     | Found a glowing silver altar of Zin.
  7452 | D:10     | Found a staircase to the Lair.
  7453 | D:10     | Noticed an elephant
  7465 | D:10     | Killed an elephant
  7466 | D:10     | Reached XP level 11. HP: 47/50 MP: 12/12
  7851 | D:10     | Noticed Nergalle
  7852 | D:10     | Reached skill level 16 in Ranged Weapons
  7869 | D:10     | Killed Nergalle
  8304 | Lair:1   | Entered Level 1 of the Lair of Beasts
  8307 | Lair:1   | Noticed Grum
  8323 | Lair:1   | Killed Grum
  8438 | Lair:1   | Noticed Maggie
  8454 | Lair:1   | Killed Maggie
  8532 | Lair:1   | Reached skill level 17 in Ranged Weapons
  8585 | Lair:1   | Reached skill level 5 in Dodging
  9303 | Lair:2   | Reached XP level 12. HP: 54/54 MP: 13/13
  9358 | Lair:2   | Reached skill level 18 in Ranged Weapons
  9474 | Lair:2   | Found a staircase to the Swamp.
  9482 | Lair:2   | Reached ***** piety under Hepliaklqana
  9565 | Lair:2   | Found a hole to the Spider Nest.
  9617 | Lair:2   | Found a dark tunnel.
  9626 | Volcano  | Entered a volcano
 10058 | Volcano  | Found a radiant altar of Vehumet.
 10058 | Volcano  | Noticed a two-headed ogre
 10058 | Volcano  | Noticed a two-headed ogre
 10058 | Volcano  | Noticed an ogre mage
 10058 | Volcano  | Noticed a two-headed ogre
 10064 | Volcano  | Killed a two-headed ogre
 10065 | Volcano  | Reached skill level 5 in Stealth
 10065 | Volcano  | Killed a two-headed ogre
 10067 | Volcano  | Killed a two-headed ogre
 10069 | Volcano  | Killed an ogre mage
 10078 | Volcano  | Noticed a two-headed ogre
 10082 | Volcano  | Killed a two-headed ogre
 10132 | Volcano  | Noticed a red draconian
 10143 | Volcano  | Killed a red draconian
 10144 | Volcano  | Reached skill level 19 in Ranged Weapons
 10836 | Spider:1 | Entered Level 1 of the Spider Nest
 11087 | Spider:1 | Noticed a demonic crawler
 11090 | Spider:1 | Killed a demonic crawler
 11167 | Spider:1 | Noticed a demonic crawler
 11170 | Spider:1 | Killed a demonic crawler
 11171 | Spider:1 | Reached XP level 13. HP: 60/60 MP: 14/14
 11462 | Spider:1 | Upgraded the game from 0.31-a0-1291-g5386780bc2 to
                  | 0.31-a0-1301-g7e11add784
 11573 | Spider:1 | HP: 3/61 [demonic crawler (9)]
 11630 | Spider:1 | Reached skill level 1 in Evocations
 12264 | Spider:2 | Noticed Kirke
 12411 | Spider:2 | Noticed Arachne
 12427 | Spider:1 | Killed Arachne
 12484 | Spider:2 | Slain by an entropy weaver

Illustrated notes

Levels and vault maps discovered:
D:1:      psy_arrival_basics, layout_basic
D:2:      layout_basic, basic_altar, minmay_increasing_density
D:3:      layout_basic, lemuel_crystal_altar, mainiacjoe_overflow_brackets,
          nicolae_overflow_ecumenical_swirl, st_stairs_13
D:4:      layout_rooms, nicolae_figureground_sparkle, uniq_pikel, uniq_eustachio
D:5:      black_bear_nest_1, layout_cave_pools, kennysheep_mini_moat,
          chequers_serial_rivers_small_a, hangedman_decor_opposing,
          minmay_misc_feat_x, kennysheep_generic_room_3, uniq_menkaure,
          uniq_duvessa
D:6:      layout_loops_ring, amethyst_overflow_temple_binary,
          nicolae_ossuary_entry_ruins, kennysheep_dice, uniq_crazy_yiuf_cottage
D:7:      layout_cave_pools, minmay_temple_entry_water_ring,
          serial_bayou_ford_a, st_stairs_4
D:8:      layout_gridville, serial_nicolae_subway, nicolae_sub_station_stone,
          nicolae_sub_station_metal, nicolae_sub_station_crystal
D:9:      layout_cave_pools, nicolae_ru_path_of_blood, minmay_shop_chei,
          uniq_harold
D:10:     layout_rooms, zin_scriptorium, david_lair_generic, serial_shops,
          nicolae_shop_dealshenge, serial_curves, eino_curves_01,
          eino_curves_02, eino_curves_04, eino_curves_02, uniq_nergalle
Temple:   dpeg_chambers_temple
Lair:1:   layout_gridlike, uniq_grum, uniq_maggie
Lair:2:   layout_chaotic_city, minmay_swamp_entry_reptiles,
          nicolae_spider_entry_non_spiders, enter_volcano_2,
          serial_bayou_pond_d, small_statue_intersection, minivault_24
Spider:1: layout_spider_delve, nicolae_spider_checkerboard
Spider:2: layout_spider_delve, uniq_frances, uniq_arachne, uniq_azrael,
          uniq_kirke

Skill      XL: |  1  2  3  4  5  6  7  8  9 10 11 12 13 |
---------------+----------------------------------------+-----
Ranged Weapons | 5 8 9 11 13 15 17 19 | 19.9
Fighting       | 2 3 4 5 6 7 8 |  8.8
Dodging        | 3 4 5 6 8 |  8.0
Stealth        | 2 3 4 5 6 |  6.2
Evocations     | 1 |  1.1

Action                     |  1- 3 |  4- 6 |  7- 9 | 10-12 | 13-15 || total
---------------------------+-------+-------+-------+-------+-------++-------
   Fire: Shortbow          |    99 |    80 |   459 |       |       ||   638
         Orcbow            |       |       |    13 |    99 |       ||   112
         Arbalest          |       |       |       |   287 |   100 ||   387
 Invoke: Recall Ancestor   |       |       |     8 |     9 |       ||    17
         Ancestor Life: Kn |       |       |     1 |       |       ||     1
         Ancestor Identity |       |       |     1 |       |       ||     1
  Evoke: Wand              |       |       |       |     2 |     2 ||     4
    Use: Scroll            |     6 |     2 |     7 |    11 |       ||    26
         Potion            |       |       |     2 |     1 |     2 ||     5
 Armour: Robe              |    13 |    10 |    28 |    21 |    52 ||   124
  Dodge: Dodged            |    25 |    17 |    77 |    91 |   132 ||   342

Table legend: (Time is in decaauts)
 A = Elapsed time spent in this place.
 B = Non-inter-level travel time spent in this place.
 C = Inter-level travel time spent in this place.
 D = Time resting spent in this place.
 E = Time spent auto-exploring this place.
 F = Levels seen in this place.
 G = Mean time per level.
                   A        B        C        D        E       F      G
               +--------+--------+--------+--------+--------+-----+--------+
         Total |   8646 |   8382 |    264 |    582 |   4958 |  17 |  508.6 |
       Dungeon |   5437 |   5246 |    191 |    215 |   3217 |  10 |  543.7 |
        Temple |     17 |     13 |      4 |      0 |      0 |   1 |   17.0 |
          Lair |   1106 |   1053 |     53 |      0 |    629 |   2 |  553.0 |
   Spider Nest |   1271 |   1256 |     15 |    364 |    593 |   2 |  635.5 |
       Ossuary |    208 |    208 |      0 |      0 |     51 |   1 |  208.0 |
       Volcano |    605 |    605 |      0 |      3 |    466 |   1 |  605.0 |
               +--------+--------+--------+--------+--------+-----+--------+

Top non-repeatable levels by time:
Spider:1: 1266 daAuts
     D:6: 781 daAuts
    D:10: 719 daAuts
     D:4: 648 daAuts
 Volcano: 605 daAuts
     D:2: 602 daAuts
  Lair:1: 559 daAuts
  Lair:2: 546 daAuts
     D:1: 511 daAuts
     D:8: 483 daAuts
     D:5: 482 daAuts
     D:7: 452 daAuts
     D:9: 382 daAuts
     D:3: 372 daAuts
 Ossuary: 208 daAuts
